 Dungeon Sprint DCSS version 0.18-a0-1354-gbc5753f (webtiles) character file.

5693 Kidiri the Covert (level 10, -95/51 HPs)
             Began as a Spriggan Enchanter on Feb 19, 2016.
             Was a Follower of Dithmenos.
             Killed from afar by a hellephant (104 damage)
             ... with a blast of flame
             ... in the Dungeon (Sprint II: "The Violet Keep of Menkaure").
             The game lasted 00:11:38 (1847 turns).

Kidiri the Covert (Spriggan Enchanter)              Turns: 1847, Time: 00:11:39

Health: -95/51     AC:  3    Str:  4    XL:     10   Next: 47%
Magic:  3/26       EV: 32    Int: 19    God:    Dithmenos [*.....]
Gold:   377        SH:  0    Dex: 21    Spells: 9 memorised, 6 levels left

rFire  . . .     SeeInvis +     a - +1 dagger
rCold  . . .     Gourm    .     b - +1 robe
rNeg   . . .     Faith    .     (shield restricted)
rPois  .         Spirit   .     (helmet restricted)
rElec  .         Dismiss  .     (no cloak)
rCorr  .         Reflect  .     (gloves unavailable)
SustAt .         Harm     .     (boots unavailable)
MR     +....     NoTele   +     (no amulet)
Stlth  +++++++++.               (no ring)
                                k - ring "Zuqekeub" {+Fly Dex+3}

@: flying (expiring), wreathed by umbra, very quick, somewhat resistant to
hostile enchantments, incredibly stealthy
A: unfitting armour, see invisible, herbivore 3, speed 3, slow metabolism 2
a: Renounce Religion, Stop Flying


You were in the Dungeon.
You worshipped Dithmenos.
Dithmenos was aware of your devotion.
You were not hungry.

You visited 1 branch You collected 1165 gold pieces.
You spent 788 gold pieces at shops.

Inventory:

Hand Weapons
 a - a +1 dagger (weapon)
Armour
 b - a +1 robe (worn)
Jewellery
 k - the ring "Zuqekeub" (left hand) {+Fly Dex+3}
   (You bought it in a shop in the Dungeon)

   [ring of flight]

   It affects your dexterity (+3).
   It lets you fly.
Scrolls
 f - 2 scrolls of remove curse {unknown}
 j - 2 scrolls of blinking
 n - 3 scrolls of identify {unknown}
 r - 4 scrolls of enchant armour {unknown}
 t - a scroll of immolation {unknown}
 u - a scroll of amnesia {unknown}
 x - a scroll of fog {unknown}
 y - a scroll of magic mapping {unknown}
Potions
 g - a potion of haste
 h - 5 potions of magic
 i - a potion of berserk rage
 l - 2 potions of degeneration {unknown}
 m - 2 potions of might {unknown}
 o - 2 potions of beneficial mutation {unknown}
 q - a potion of heal wounds
 s - 4 potions of flight {unknown}
 v - a potion of agility {unknown}
 w - 3 potions of resistance {unknown}
 z - a potion of mutation {unknown}
Comestibles
 d - 3 bread rations
 p - 5 fruits


   Skills:
 + Level 5.5 Fighting
 * Level 10.5 Short Blades
 + Level 4.9 Armour
 * Level 13.5 Dodging
 * Level 14.9 Stealth
 * Level 11.8 Spellcasting
 + Level 4.6 Conjurations
 + Level 9.0 Hexes
 + Level 5.4 Ice Magic
 + Level 4.2 Air Magic
 + Level 4.6 Poison Magic
 - Level 2.4 Invocations


You had 6 spell levels left.
You knew the following spells:

 Your Spells              Type           Power        Failure   Level  Hunger
a - Corona                Hex            #####..      1%          1    None
b - Ensorcelled Hibernat  Hex/Ice        #####.       1%          2    None
c - Confuse               Hex            #####...     1%          3    None
d - Tukima's Dance        Hex            #####...     1%          3    None
e - Dazzling Spray        Conj/Hex       #####...     1%          3    None
f - Cure Poison           Pois           ####......   1%          2    None
g - Mephitic Cloud        Conj/Pois/Air  ####....     3%          3    None
h - Olgreb's Toxic Radia  Pois           ####....     12%         4    ##.....
i - Venom Bolt            Conj/Pois      ####......   28%         5    ####...


Dungeon Overview and Level Annotations

Branches:
Dungeon (1/1)

Altars:
Cheibriados
Dithmenos
Elyvilon
Fedhas
Gozag
Kikubaaqudgha
Makhleb
Nemelex Xobeh
Okawaru
Pakellas
Qazlal
Ru
Sif Muna
Trog
Vehumet
Xom
Yredelemnul
Zin
The Shining One
Beogh
Jiyva
Lugonu

Shops:
D [::[}%[=(==?[!!!

Annotations:
D exclusion: oklob plant, Kirke


Innate Abilities, Weirdness & Mutations

You are tiny and cannot use many weapons and most armour.
You have supernaturally acute eyesight.
You are an herbivore.
You cover ground extremely quickly.
You need consume almost no food.


Message History

The spray of energy misses the hellephant.
The spray of energy hits the giant orange brain.
The giant orange brain is almost dead.
The giant orange brain is dazzled.
Unknown command.
Casting: Dazzling Spray
Confirm with . or Enter, or press ? or * to list all spells.
Aiming: Dazzling Spray
Press: ? - help, Shift-Dir - straight line, f - giant orange brain
Aim: a giant orange brain (almost dead, inspiring fear, blind, hasn't noticed you)
The spray of energy hits the giant orange brain.
You kill the giant orange brain!
Dithmenos accepts your kill.
Your Hexes skill increases to level 9!
The spray of energy hits the hellephant.
The hellephant is lightly wounded.
The hellephant breathes flames at you. The blast of flame hits you!
Ouch! That really hurt!
You die...

..▓ ▓▓+▓▓▓▓.▓ +..§▓0..▓
#§.§▓▓▓▓▓▓▓▓▓▓
#...▓≈≈≈≈≈§§≈▓▓
#=)▓▓▓▓▓▓▓▓▓▓▓▓+▓▓
#§|▓.((..).:▓▓...▓ #.
#§:▓...[...%▓▓.⌠.▓
+.####)[▓.....[.@▓▓..)▓
...####▓.(..(...▓▓.G.▓
#..##.#▓()..(([(▓▓)$.▓
+..#..#▓[).)Y).[▓▓...▓
#..#..#▓%[[...)[▓▓.Y.▓
##..##)#▓....(.%.▓▓$.$▓
###...##▓▓▓▓▓▓▓'▓▓▓▓'▓▓
..≈≈≈≈≈≈≈≈≈≈≈≈≈...≈≈≈▓
..≈#+########+###.≈≈≈▓


You could see a hellephant.

Vanquished Creatures
  A kraken (D)
  A draconian shifter (D)
  Sonja (D)
  A giant orange brain (D)
  A yaktaur (D)
  3 polar bears (D)
  A blink frog (D)
  2 boulder beetles (D)
  2 hippogriffs (D)
  Menkaure (D)
  A wasp (D)
  4 worker ants (D)
  3 worms (D)
22 creatures vanquished.

Vanquished Creatures (others)
  A crocodile (D)
1 creature vanquished.

Grand Total: 23 creatures vanquished

Notes
Turn   | Place    | Note
--------------------------------------------------------------
     0 | D        | Kidiri the Spriggan Enchanter began the quest for the Orb.
     0 | D        | Reached XP level 1. HP: 9/9 MP: 5/5
     1 | D        | Noticed a boulder beetle
     1 | D        | Noticed a boulder beetle
     4 | D        | Noticed a worker ant
     4 | D        | Noticed a worker ant
    24 | D        | Killed a crocodile
    43 | D        | Reached skill level 1 in Fighting
    43 | D        | Reached skill level 5 in Stealth
    77 | D        | Noticed a flying skull
    77 | D        | Noticed a flying skull
    78 | D        | Noticed a flying skull
    78 | D        | Noticed a flying skull
    78 | D        | Noticed a flying skull
    78 | D        | Noticed a flying skull
    78 | D        | Noticed a flying skull
    78 | D        | Noticed a flying skull
    79 | D        | Noticed a flying skull
    79 | D        | Noticed a flying skull
    79 | D        | Noticed a flying skull
    80 | D        | Reached XP level 2. HP: 14/14 MP: 5/7
    85 | D        | Learned a level 2 spell: Ensorcelled Hibernation
    85 | D        | Noticed a flying skull
    96 | D        | Noticed a hippogriff
    96 | D        | Noticed a hippogriff
   103 | D        | Reached skill level 6 in Stealth
   103 | D        | Reached XP level 3. HP: 18/18 MP: 4/9
   105 | D        | Reached skill level 1 in Armour
   105 | D        | Reached skill level 5 in Dodging
   105 | D        | Reached skill level 1 in Ice Magic
   107 | D        | Reached skill level 7 in Stealth
   107 | D        | Reached skill level 5 in Spellcasting
   107 | D        | Reached XP level 4. HP: 23/23 MP: 6/12
   173 | D        | Learned a level 3 spell: Confuse
   177 | D        | Learned a level 3 spell: Tukima's Dance
   181 | D        | Learned a level 3 spell: Dazzling Spray
   208 | D        | Killed a hippogriff
   208 | D        | Reached skill level 5 in Short Blades
   208 | D        | Reached skill level 8 in Stealth
   208 | D        | Reached skill level 1 in Conjurations
   208 | D        | Reached skill level 5 in Hexes
   208 | D        | Reached XP level 5. HP: 27/27 MP: 12/14
   212 | D        | Killed a hippogriff
   212 | D        | Reached skill level 9 in Stealth
   212 | D        | Reached XP level 6. HP: 24/32 MP: 9/17
   591 | D        | HP: 1/32 [squashed by a boulder beetle (31)]
   783 | D        | Killed a boulder beetle
   783 | D        | Reached skill level 10 in Stealth
   783 | D        | Reached XP level 7. HP: 21/36 MP: 4/19
   907 | D        | Noticed an obsidian statue
   909 | D        | Noticed Menkaure
   910 | D        | Noticed Kirke
   910 | D        | Noticed a kobold demonologist
   910 | D        | Noticed a skeletal warrior
   911 | D        | Killed Menkaure
   945 | D        | Killed a boulder beetle
   945 | D        | Reached skill level 10 in Dodging
   945 | D        | Reached skill level 11 in Stealth
  1032 | D        | Found Rerghewn's Antique Armour Boutique.
  1032 | D        | Found Gerown's Distillery.
  1032 | D        | Found Huavaimu's Magic Scroll Shop.
  1033 | D        | Found Buagaug's Distillery.
  1033 | D        | Found Bauhunopp's Jewellery Shop.
  1033 | D        | Found Eduusule's Jewellery Boutique.
  1033 | D        | Found Fosmonn's Antique Weapon Shop.
  1033 | D        | Found Kaphidin's Jewellery Boutique.
  1034 | D        | Found Aconi's Food Boutique.
  1034 | D        | Found Henem's Gadget Shop.
  1035 | D        | Found Leor's Distillery.
  1035 | D        | Found Jihiavun's Antique Armour Boutique.
  1036 | D        | Found Vaisid's Armour Boutique.
  1036 | D        | Found Lenoudgh's Book Shop.
  1036 | D        | Noticed an oklob plant
  1037 | D        | Found Kymu's Book Shoppe.
  1037 | D        | Found Isolir's Antique Armour Boutique.
  1038 | D        | Noticed a wyvern
  1039 | D        | Noticed a wyvern
  1049 | D        | Bought a Young Poisoner's Handbook for 480 gold pieces
  1052 | D        | Learned a level 2 spell: Cure Poison
  1056 | D        | Learned a level 3 spell: Mephitic Cloud
  1062 | D        | Learned a level 5 spell: Venom Bolt
  1067 | D        | Noticed a fire dragon
  1082 | D        | Bought the ring "Zuqekeub" {+Fly Dex+3} for 308 gold pieces
  1101 | D        | Noticed a blink frog
  1104 | D        | Killed a blink frog
  1104 | D        | Reached XP level 8. HP: 23/42 MP: 19/22
  1145 | D        | Found a burning altar of Makhleb.
  1146 | D        | Found a blossoming altar of Fedhas.
  1147 | D        | Found a bloodstained altar of Trog.
  1147 | D        | Found a sacrificial altar of Ru.
  1147 | D        | Found a deep blue altar of Sif Muna.
  1147 | D        | Found an iron altar of Okawaru.
  1148 | D        | Found a basalt altar of Yredelemnul.
  1148 | D        | Found a glowing golden altar of the Shining One.
  1148 | D        | Found an oddly glowing altar of Pakellas.
  1149 | D        | Found a shadowy altar of Dithmenos.
  1149 | D        | Found a sparkling altar of Nemelex Xobeh.
  1150 | D        | Found a snail-covered altar of Cheibriados.
  1150 | D        | Found a stormy altar of Qazlal.
  1151 | D        | Found a corrupted altar of Lugonu.
  1151 | D        | Found an opulent altar of Gozag.
  1152 | D        | Noticed a yaktaur
  1152 | D        | Noticed a polar bear
  1153 | D        | Noticed a polar bear
  1153 | D        | Noticed a polar bear
  1156 | D        | HP: 2/42 [polar bear (17)]
  1169 | D        | Killed a polar bear
  1169 | D        | Reached skill level 12 in Stealth
  1169 | D        | Reached skill level 1 in Air Magic
  1169 | D        | Reached skill level 1 in Poison Magic
  1175 | D        | Killed a polar bear
  1177 | D        | Killed a yaktaur
  1180 | D        | HP: 2/42 [polar bear (16)]
  1182 | D        | Killed a polar bear
  1189 | D        | Reached skill level 10 in Spellcasting
  1468 | D        | Found a white marble altar of Elyvilon.
  1470 | D        | Found a glowing silver altar of Zin.
  1470 | D        | Found an ancient bone altar of Kikubaaqudgha.
  1470 | D        | Found a shimmering altar of Xom.
  1471 | D        | Found a roughly hewn altar of Beogh.
  1471 | D        | Found a viscous altar of Jiyva.
  1471 | D        | Found a radiant altar of Vehumet.
  1478 | D        | Became a worshipper of Dithmenos the Shadowed
  1498 | D        | Learned a level 4 spell: Olgreb's Toxic Radiance
  1501 | D        | Noticed a kraken
  1655 | D        | Killed a kraken
  1655 | D        | Reached skill level 5 in Fighting
  1655 | D        | Reached skill level 13 in Stealth
  1655 | D        | Reached XP level 9. HP: 26/47 MP: 20/24
  1798 | D        | Noticed a mottled draconian shifter
  1799 | D        | Noticed Sonja
  1800 | D        | Noticed a giant orange brain
  1800 | D        | Noticed a hellephant
  1803 | D        | Killed Sonja
  1803 | D        | Reached skill level 14 in Stealth
  1803 | D        | Reached skill level 5 in Ice Magic
  1803 | D        | Reached XP level 10. HP: 51/51 MP: 24/26
  1806 | D        | Killed a mottled draconian shifter
  1806 | D        | Reached * piety under Dithmenos
  1806 | D        | Reached skill level 10 in Short Blades
  1847 | D        | Killed a giant orange brain
  1847 | D        | Killed from afar by a hellephant

Vault maps used:
D:        the_violet_keep_of_menkaure

Action                   |  1- 3 |  4- 6 |  7- 9 | 10-12 || total
-------------------------+-------+-------+-------+-------++-------
Melee: Dagger            |    25 |    12 |    54 |     1 ||    92
 Cast: Corona            |     3 |       |       |       ||     3
       Ensorcelled Hiber |     1 |    11 |     8 |       ||    20
       Dazzling Spray    |       |     6 |     2 |     9 ||    17
       Confuse           |       |       |     6 |       ||     6
 Abil: Evoke Flight      |       |       |     2 |       ||     2
  Use: Potion            |     1 |       |     1 |       ||     2
 Stab: Sleeping          |     5 |     4 |     6 |     1 ||    16
       Invisible         |       |     2 |     1 |       ||     3
       Confused          |       |       |    11 |       ||    11
